 Dungeon Crawl Stone Soup version 0.21.1-1-g345015f (webtiles) character file.

50 Mgcat the Insei (level 3, 0/28 HPs)
             Began as a Gnoll Transmuter on Feb 6, 2018.
             Slain by a centaur (2 damage)
             ... on level 3 of the Dungeon.
             The game lasted 00:05:20 (2242 turns).

Mgcat the Insei (Gnoll Transmuter)                  Turns: 2242, Time: 00:05:20

Health: 0/28       AC:  7    Str: 12    XL:     3   Next: 79%
Magic:  8/9        EV: 13    Int: 16    God:
Gold:   115        SH:  0    Dex: 15    Spells: 6/12 levels left

rFire    . . .     SeeInvis .   j - +0 short sword (flame)
rCold    . . .     Gourm    .   (no shield)
rNeg     . . .     Faith    .   p - +0 ring mail (curse)
rPois    .         Spirit   .   (no helmet)
rElec    .         Reflect  .   m - +0 cloak
rCorr    +         Harm     .   u - +0 pair of gloves
MR       .....                  (boots currently unavailable)
Stlth    +.........             (no amulet)
HPRegen  0.09/turn              (no ring)
MPRegen  0.11/turn              o - ring of resist corrosion

@: appendage (expiring)
A: distributed training, fangs 1, talons 3, strong nose
a: End Transformation


You were on level 3 of the Dungeon.
You were not hungry.
You had grown temporary talons.
You visited 1 branch of the dungeon, and saw 3 of its levels.

You collected 115 gold pieces.

Inventory:

Hand Weapons
 h - a +0 dagger
   (You took it off a goblin on level 1 of the Dungeon)
 j - a +0 short sword of flaming (weapon)
   (You found it on level 2 of the Dungeon)
 q - a +0 hunting sling
   (You took it off a goblin on level 3 of the Dungeon)
Missiles
 a - 82 arrows
 t - 32 stones (quivered)
Armour
 b - a +0 robe
 m - a +0 cloak (worn)
   (You found it on level 2 of the Dungeon)
 p - a cursed +0 ring mail (worn)
   (You found it on level 1 of the Dungeon)
 s - a +0 shield
   (You found it on level 1 of the Dungeon)
 u - a +0 pair of gloves (worn)
   (You found it on level 3 of the Dungeon)
Jewellery
 o - a ring of resist corrosion (right hand)
   (You found it on level 2 of the Dungeon)
Scrolls
 n - 5 scrolls of identify
 r - a scroll of remove curse
Potions
 e - 3 potions of cancellation
 f - 3 potions of curing {unknown}
 g - a potion of brilliance {unknown}
 k - a potion of lignification {unknown}
 l - a potion of haste {unknown}
Books
 c - a book of Changes
Comestibles
 d - 7 rations
 i - 2 chunks of flesh {@w0}


   Skills:
 + Level 2.6 Fighting
 + Level 0.9 Short Blades
 + Level 0.9 Long Blades
 + Level 0.9 Axes
 + Level 0.9 Maces & Flails
 + Level 0.9 Polearms
 + Level 0.9 Staves
 + Level 0.9 Slings
 + Level 0.9 Bows
 + Level 0.9 Crossbows
 + Level 0.9 Throwing
 + Level 0.9 Armour
 + Level 4.5 Dodging
 + Level 0.9 Stealth
 + Level 0.9 Shields
 + Level 6.5 Unarmed Combat
 + Level 5.0 Spellcasting
 + Level 0.6 Conjurations
 + Level 0.6 Hexes
 + Level 0.6 Charms
 + Level 0.6 Summonings
 + Level 0.6 Necromancy
 + Level 0.6 Translocations
 + Level 3.8 Transmutations
 + Level 0.6 Fire Magic
 + Level 0.6 Ice Magic
 + Level 0.6 Air Magic
 + Level 0.6 Earth Magic
 + Level 0.6 Poison Magic
 + Level 1.0 Invocations
 + Level 0.9 Evocations


You had 6 spell levels left.
You knew the following spells:

 Your Spells              Type           Power        Failure   Level  Hunger
a - Beastly Appendage     Tmut           ###...       8%          1    None
b - Sticks to Snakes      Tmut           ###.....     11%         2    #......
c - Spider Form           Tmut/Pois      ##........   38%         3    ###....


Dungeon Overview and Level Annotations

Branches:
Dungeon (3/15)

Altars:
Fedhas


Innate Abilities, Weirdness & Mutations

Your experience applies equally to all skills.
You have very sharp teeth.
Your uncanny sense of smell can sniff out nearby items.
You have claws for feet.


Message History

t - 32 stones (gained 1)
A rat comes into view.
A rat is nearby!
Firing (i - inventory):
t - 32 stones (quivered)
Press: ? - help, Shift-Dir - straight line, f - rat
Aim: a rat You shoot a stone.
The stone hits the rat.
You kill the rat!
No target in view!
No target in view!
t - 32 stones (gained 1)
A goblin comes into view. It is wielding a dagger.
You see here a stone.
A goblin is nearby!
Firing (i - inventory):
t - 32 stones (quivered)
Press: ? - help, Shift-Dir - straight line, f - goblin
Aim: a goblin, wielding a dagger (resting)
You shoot a stone. The stone hits the goblin.
The goblin shouts!
The goblin is moderately wounded.
Firing (i - inventory):
t - 31 stones (quivered)
Press: ? - help, Shift-Dir - straight line, f/p - goblin
Aim: a goblin, wielding a dagger (moderately wounded)
You shoot a stone.
The stone hits the goblin but does no damage.
The goblin is moderately wounded.
Firing (i - inventory):
t - 30 stones (quivered)
Press: ? - help, Shift-Dir - straight line, f/p - goblin
Aim: a goblin, wielding a dagger (moderately wounded)
You shoot a stone. The stone closely misses the goblin.
Firing (i - inventory):
t - 29 stones (quivered)
Press: ? - help, Shift-Dir - straight line, f/p - goblin
Aim: a goblin, wielding a dagger (moderately wounded)
You shoot a stone. The stone hits the goblin.
You kill the goblin!
No target in view!
t - 29 stones (gained 1)
t - 30 stones (gained 1)
You see here a dagger.
t - 31 stones (gained 1)
t - 32 stones (gained 1)
t - 33 stones (gained 1) As you open the large door, it creaks loudly!
There is a large open door here.
There is a large open door here.
A ball python comes into view.
Firing (i - inventory):
t - 33 stones (quivered)
Press: ? - help, Shift-Dir - straight line, f - ball python
Aim: a ball python You shoot a stone.
The stone hits the ball python.
The ball python is severely wounded.
Firing (i - inventory):
t - 32 stones (quivered)
Press: ? - help, Shift-Dir - straight line, f/p - ball python
Aim: a ball python (severely wounded)
You shoot a stone. The stone hits the ball python.
You kill the ball python!
t - 32 stones (gained 1) Some of the chunks of flesh in your inventory have rotted away.
t - 33 stones (gained 1)
You open the door.
There is an open door here.
You open the door.
There is an open door here.
A centaur comes into view.
The centaur shouts!
The centaur wields a runed shortbow.
It bursts into flame!
The centaur shoots an arrow.
The arrow hits you. The arrow burns you.
You see here an arrow.
Firing (i - inventory):
t - 33 stones (quivered)
Press: ? - help, Shift-Dir - straight line, f - centaur
Aim: a centaur, wielding a shortbow of flaming You shoot a stone.
The stone barely misses the centaur.
The centaur shoots an arrow.
The arrow hits you. The arrow burns you.
The centaur shoots an arrow.
The arrow hits you. The arrow burns you.
Wield which item (- for none, * to show all)? (? for menu, Esc to quit)
Your +0 short sword of flaming bursts into flame!
j - a +0 short sword of flaming (weapon)
Casting: Beastly Appendage
Confirm with . or Enter, or press ? or * to list all spells.
Your feet morph into talons.
The centaur shoots an arrow.
The arrow hits you! The arrow burns you.
* * * LOW HITPOINT WARNING * * *
The centaur shoots an arrow.
The arrow hits you but does no damage.
You see here 2 arrows.
The centaur shoots an arrow.
The arrow barely misses you.
The centaur unwields an uncursed shortbow of flaming.
It stops flaming.
The centaur completely misses you.
You hit the centaur. You burn the centaur. Your kick misses the centaur.
The centaur is lightly wounded.
Your transformation is almost over.
The centaur barely misses you. x2
You hit the centaur. You burn the centaur.
The centaur is moderately wounded.
The centaur hits you.
* * * LOW HITPOINT WARNING * * *
The centaur closely misses you.
You hit the centaur. You burn the centaur. Your kick misses the centaur.
The centaur is heavily wounded.
The centaur hits you.
You die...

## #.###########.
#.....@c......
#..((########. ####.#
#.# #.########
#######........#+###.
.......#.............#
.......'..............
.......#.............#


You could see a centaur.

Vanquished Creatures
  A dart slug (D:1)
  3 leopard geckos
  2 giant cockroaches
  7 goblins
  7 hobgoblins
  3 jackals (D:2)
  A ball python (D:3)
  4 bats
  3 frilled lizards
  5 kobolds
  7 rats
43 creatures vanquished.

Notes
Turn   | Place    | Note
-------+----------+-------------------------------------------
     0 | D:1      | Mgcat the Gnoll Transmuter began the quest for the Orb.
     0 | D:1      | Reached XP level 1. HP: 17/17 MP: 6/6
   194 | D:1      | Reached XP level 2. HP: 7/23 MP: 7/7
   198 | D:1      | Learned a level 2 spell: Sticks to Snakes
   409 | D:1      | You fall through a shaft!
   998 | D:2      | Found a blossoming altar of Fedhas.
  1444 | D:1      | Reached XP level 3. HP: 28/28 MP: 9/9
  1489 | D:1      | Reached skill level 5 in Spellcasting
  1871 | D:1      | Learned a level 3 spell: Spider Form
  1994 | D:3      | Reached skill level 1 in Invocations
  2232 | D:3      | Noticed a centaur
  2241 | D:3      | HP: 2/28 [centaur (6)]
  2242 | D:3      | Slain by a centaur

Skill      XL: |  1  2  3 |
---------------+----------+-----
Spellcasting   | 5 |  5.0
Invocations    | 1 |  1.0
Fighting       | |  2.6
Short Blades   | |  0.9
Long Blades    | |  0.9
Axes           | |  0.9
Maces & Flails | |  0.9
Polearms       | |  0.9
Staves         | |  0.9
Slings         | |  0.9
Bows           | |  0.9
Crossbows      | |  0.9
Throwing       | |  0.9
Armour         | |  0.9
Dodging        | |  4.5
Stealth        | |  0.9
Shields        | |  0.9
Unarmed Combat | |  6.5
Conjurations   | |  0.6
Hexes          | |  0.6
Charms         | |  0.6
Summonings     | |  0.6
Necromancy     | |  0.6
Translocations | |  0.6
Transmutations | |  3.8
Fire Magic     | |  0.6
Ice Magic      | |  0.6
Air Magic      | |  0.6
Earth Magic    | |  0.6
Poison Magic   | |  0.6
Evocations     | |  0.9

Action                   || total
-------------------------++-------
Melee: Dagger            ||    14
       Unarmed           ||    10
       Bite              ||    10
       Kick              ||     5
       Short sword       ||    91
       Punch             ||     1
 Fire: Hunting sling     ||    27
 Cast: Beastly Appendage ||     5
  Use: Scroll            ||     6
 Stab: Sleeping          ||     2
  Eat: Chunk             ||     4
Armor: Robe              ||     8
       Ring mail         ||     2
Dodge: Dodged            ||    72

Vault maps used:
D:1:      minmay_arrival_split_and_join
D:2:      fedhas_altar_3, serial_co_window_serial, co_window_paths_a,
          co_window_paths_a, co_window_corner_a, co_window_paths_b,
          co_window_paths_a, co_window_corner_a, co_window_paths_b,
          co_window_corner_cb, co_window_paths_c, co_window_corner_b,
          co_window_of_opportunity_b, co_window_of_opportunity_b,
          co_window_paths_d, glass_columns_a, glass_columns_a, glass_columns_a,
          glass_columns_a, grunt_ministairs_5
D:3:      first_ration, chequers_ecumenical_altar_grove, minmay_distorted

Table legend:
 A = Turns spent in this place as a percentage of turns spent in the entire game.
 B = Non-inter-level travel turns spent in this place as a percentage of non-inter-level travel turns spent in the entire game.
 C = Inter-level travel turns spent in this place as a percentage of turns spent in this place.
 D = Turns resting spent in this place as a percentage of non-inter-level travel turns spent in this place.
 E = Turns spent auto-exploring this place as a percentage of non-inter-level travel turns spent in this place.
 F = Non-inter-level travel turns spent in this place divided by the number of levels of this place that you've seen.
                   A       B       C       D       E      F
               +-------+-------+-------+-------+-------+----------------------
         Total | 100.0 | 100.0 |   4.9 |   0.0 |  82.1 | 710.7
       Dungeon | 100.0 | 100.0 |   4.9 |   0.0 |  82.1 | 710.7
               +-------+-------+-------+-------+-------+----------------------

Table legend:
 A = Kills in this place as a percentage of kills in entire the game.
 B = Kills by you in this place as a percentage of kills by you in the entire game.
 C = Kills by friends in this place as a percentage of kills by friends in the entire game.
 D = Other kills in this place as a percentage of other kills in the entire game.
 E = Experience gained in this place as a percentage of experience gained in the entire game.
 F = Experience gained in this place divided by the number of levels of this place that you have seen.
                   A       B       C       D       E      F
               +-------+-------+-------+-------+-------+----------------------
         Total | 100.0 | 100.0 |   N/A |   N/A | 100.0 |  24.0
       Dungeon | 100.0 | 100.0 |   N/A |   N/A | 100.0 |  24.0
               +-------+-------+-------+-------+-------+----------------------
